Map: Purity and Industry LE

Players

prospeKt

  • Race: Zerg Zerg
  • League: Platinum
  • Spawn Location: 3:00

mydreny - Winner!

  • Race: Terran Terran
  • League: Platinum
  • Spawn Location: 12:00

VOD

Have the link to the VOD?

Description

Time

  • Played on: June 2, 2020, 10:39 a.m.
  • Length: 18:59
Show
View Real Time Build Order
Export as new Build Order

prospeKt Zerg 

Build Orders: Hatch First 

Get SALT Encoding   

  12  0:01  Drone  
  13  0:12  Overlord  
  13  0:17  Drone  
  14  0:31  Drone  
  14  0:32  Drone  
  16  0:37  Drone  
  17  1:02  Hatchery  
  16  1:04  Drone x2  
  18  1:15  Spawning Pool  
  17  1:19  Drone  
  18  1:30  Drone  
  18  1:32  Extractor  
  18  1:37  Drone  
  18  1:39  Drone  
  20  1:53  Drone  
  21  2:02  Overlord  
  21  2:16  Queen x2, Drone x2  
  27  2:24  Overlord  
  27  2:27  Drone  
  28  2:39  Overlord  
  28  2:43  Drone x2  
  30  2:49  Drone  
  31  2:53  Lair  
  31  2:54  Queen  
  31  2:55  Drone  
  34  3:02  Overlord  
  34  3:10  Drone x2  
  36  3:16  Drone  
  36  3:19  Drone  
  38  3:26  Overlord  
  38  3:29  Drone x4  
  38  3:31  Drone x2  
  38  3:32  Drone  
  45  3:44  Drone x2  
  47  3:49  Hatchery  
  47  3:54  Drone x2  
  48  3:57  Extractor  
  47  4:04  Roach Warren, Extractor  
  47  4:05  Evolution Chamber  
  47  4:08  Drone x2  
  46  4:14  Drone  
  47  4:19  Overlord  
  47  4:29  Drone x4  
  47  4:30  Drone x3  
  54  4:45  Roach x3  
  60  4:52  Roach  
  62  4:54  Glial Reconstitution  
  62  4:56  Zerg Missile Weapons Level 1, Roach  
  64  5:00  Queen  
  66  5:07  Drone x5  
  71  5:15  Roach  
  71  5:18  Overlord  
  71  5:19  Overlord  
  71  5:42  Drone x9  
  76  5:52  Roach  
  76  5:53  Roach x3  
  70  6:05  Drone x7  
  77  6:21  Drone x6  
  83  6:25  Extractor  
  83  6:26  Extractor  
  83  6:32  Drone x3  
  84  6:39  Evolution Chamber, Hydralisk Den  
  82  6:46  Drone x8  
  90  6:47  Overlord  
  90  6:48  Overlord  
  90  6:49  Overlord  
  90  6:59  Extractor  
  89  7:11  Drone x4  
  89  7:12  Drone x3  
  89  7:13  Drone x6  
  102  7:16  Hatchery  
  101  7:26  Drone x5  
  106  7:40  Drone  
  106  7:41  Drone x3  
  110  7:44  Drone  
  110  7:48  Drone  
  112  8:01  Overlord x4  
  112  8:02  Overlord  
  112  8:13  Hydralisk  
  112  8:16  Zerg Missile Weapons Level 2  
  112  8:17  Zerg Ground Armor Level 1  
  112  8:19  Grooved Spines  
  114  8:25  Infestation Pit  
  97  8:35  Hydralisk x15  
  97  8:36  Hydralisk x2  
  129  8:44  Extractor  
  129  8:46  Extractor  
  120  8:58  Hatchery  
  120  8:59  Hydralisk  
  120  9:00  Hydralisk x5  
  131  9:09  Hydralisk x3  
  131  9:27  Drone x7  
  138  9:36  Drone x5  
  143  10:05  Hive  
  143  10:08  Drone x2  
  143  10:09  Drone x3  
  143  10:10  Drone  
  149  10:20  Drone x6  
  149  10:21  Drone x2  
  157  10:23  Drone  
  157  10:24  Hydralisk  
  157  10:25  Hydralisk x3  
  157  10:26  Overlord x2  
  157  10:27  Overlord x2  
  166  10:47  Hydralisk x10  
  186  11:06  Hydralisk  
  186  11:07  Hydralisk x5  
  186  11:08  Overlord  
  186  11:09  Overlord x2  
  198  11:14  Spire  
  198  11:17  Spore Crawler  
  197  11:21  Spine Crawler  
  197  11:24  Spine Crawler  
  195  11:26  Spore Crawler  
  195  11:32  Spawning Pool  
  192  11:34  Spore Crawler  
  188  11:40  Drone x9  
  188  11:41  Drone x2  
  198  11:48  Spore Crawler  
  198  11:52  Spine Crawler, Drone x2  
  198  11:53  Drone  
  198  11:54  Hydralisk x3  
  193  11:56  Spine Crawler, Drone  
  197  12:02  Drone x3  
  200  12:08  Lair  
  196  12:28  Extractor x2  
  196  12:29  Hatchery  
  191  12:32  Drone x5  
  196  13:02  Spore Crawler  
  195  13:10  Spore Crawler  
  194  13:17  Overlord x3  
  194  13:18  Overlord x2  
  161  13:28  Hive  
  135  13:35  Hatchery  
  124  13:43  Drone x12  
  136  13:54  Hatchery  
  135  14:00  Queen  
  135  14:02  Queen  
  130  14:03  Queen  
  127  14:11  Overlord x3  
  127  14:46  Hatchery  
  126  14:55  Drone  
  126  14:56  Drone x3  
  126  14:57  Drone x2  
  132  15:09  Hydralisk Den  
  132  15:10  Zerg Ground Armor Level 2  
  131  15:16  Viper x2  
  131  15:17  Viper x2  
  131  15:18  Viper  
  141  15:27  Drone x2  
  141  15:28  Drone x8  
  139  15:29  Drone x2  
  139  15:31  Overlord x2  
  136  15:58  Hydralisk x6  
  136  15:59  Hydralisk x7  
  128  16:04  Hydralisk x2  
  125  16:14  Hydralisk x7  
  138  16:34  Hydralisk x10  
  146  16:53  Hydralisk x8  
  145  17:08  Hydralisk x7  
  119  17:16  Hydralisk  
  119  17:17  Hydralisk x2  
  113  17:25  Unknown  
  111  17:35  Hydralisk  
  111  17:36  Hydralisk x3  
  103  17:45  Lair  
  103  17:55  Hatchery, Hydralisk x3  
  103  17:56  Hydralisk x3  
  113  18:16  Drone x11  
  113  18:17  Drone x2  
  122  18:27  Spawning Pool  
Show
View Real Time Build Order
Export as new Build Order

mydreny Terran - Winner!

Build Orders:  

Get SALT Encoding   

  12  0:02  SCV  
  13  0:17  Supply Depot  
  13  0:19  SCV  
  14  0:31  SCV  
  15  0:40  Barracks  
  15  0:44  SCV  
  15  0:47  Refinery  
  16  0:57  SCV  
  17  1:09  SCV  
  18  1:21  SCV  
  19  1:34  Marine  
  19  1:36  Command Center  
  20  1:45  Orbital Command  
  20  1:53  Barracks Reactor  
  20  1:59  Refinery  
  20  2:05  Supply Depot  
  20  2:12  SCV  
  21  2:25  SCV  
  22  2:30  Factory  
  22  2:38  SCV  
  22  2:41  Engineering Bay  
  22  2:43  Bunker  
  23  2:46  Marine x2  
  26  2:52  SCV  
  26  2:58  Orbital Command  
  26  3:05  Marine x2  
  28  3:08  SCV  
  29  3:18  Supply Depot  
  29  3:20  SCV  
  30  3:32  SCV  
  31  3:36  Barracks Reactor  
  31  3:38  SCV  
  31  3:40  Supply Depot  
  32  3:42  Hellion x2  
  32  3:44  SCV  
  37  3:50  Starport  
  37  3:53  SCV  
  38  3:56  SCV  
  39  4:06  Hellion x2  
  43  4:12  SCV x2  
  45  4:18  Marine x2  
  45  4:24  SCV x2  
  49  4:28  Hellion x2  
  53  4:35  Marine  
  54  4:46  Marine  
  54  4:48  Starport Tech Lab  
  54  4:49  Hellion x2  
  54  4:52  Fusion Core  
  59  4:53  Marine  
  59  4:56  Missile Turret  
  60  5:00  SCV  
  60  5:01  SCV  
  60  5:03  Command Center  
  62  5:15  Supply Depot  
  62  5:19  Supply Depot  
  62  5:21  Missile Turret  
  62  5:25  Supply Depot  
  62  5:37  SCV x2  
  62  5:49  SCV  
  53  6:05  Marine x2  
  53  6:07  Battlecruiser  
  53  6:10  Widow Mine x2  
  65  6:17  Barracks  
  65  6:18  Terran Infantry Weapons Level 1  
  65  6:22  Marine  
  65  6:23  Marine  
  65  6:25  Starport  
  67  6:31  Widow Mine  
  67  6:32  Widow Mine  
  71  6:40  Marine  
  71  6:46  Marine  
  73  6:49  Orbital Command  
  73  6:50  SCV x2  
  73  6:53  Hellion x2  
  79  6:57  Refinery  
  79  6:58  Marine  
  79  6:59  Refinery  
  80  7:02  Armory  
  80  7:04  Armory, Marine  
  80  7:05  Supply Depot  
  81  7:11  Starport Tech Lab  
  81  7:16  Marine  
  81  7:22  Marine  
  83  7:26  Battlecruiser  
  83  7:28  Supply Depot  
  89  7:30  SCV x2  
  89  7:34  Marine  
  92  7:43  Hellion  
  92  7:44  Hellion  
  96  7:45  Marine  
  96  7:50  Barracks Tech Lab  
  97  7:51  Marine  
  98  8:03  Marine  
  98  8:05  Hellion x2  
  103  8:08  Terran Ship Weapons Level 1, Terran Vehicle And Ship Armor Level 1  
  103  8:13  Terran Infantry Armor Level 1  
  103  8:20  Orbital Command  
  95  8:45  Weapon Refit  
  89  9:24  Command Center  
  89  9:32  Factory Tech Lab  
  89  9:33  Factory  
  89  9:47  Marine x3  
  89  9:49  Stimpack  
  92  10:02  Terran Vehicle Weapons Level 1  
  92  10:04  Marine  
  92  10:05  Marauder  
  92  10:06  Terran Infantry Weapons Level 2  
  95  10:07  SCV  
  95  10:13  Terran Ship Weapons Level 2  
  96  10:17  Battlecruiser  
  96  10:18  Battlecruiser  
  96  10:19  SCV  
  109  10:24  Widow Mine  
  109  10:25  Widow Mine  
  113  10:29  Siege Tank  
  113  10:32  SCV  
  117  10:44  SCV  
  118  10:51  Refinery  
  118  10:54  Refinery  
  118  10:56  SCV  
  119  10:58  Command Center  
  121  11:11  Widow Mine x2  
  121  11:12  Siege Tank  
  121  11:14  Marauder, Marine x2  
  121  11:17  Supply Depot  
  121  11:18  Supply Depot  
  130  11:19  Supply Depot  
  130  11:31  Marine  
  131  11:39  Marauder  
  133  11:44  Siege Tank  
  128  12:29  Marine x3  
  131  12:30  Siege Tank  
  131  12:32  Liberator x2  
  140  12:41  Drilling Claws  
  140  12:46  Marine  
  140  12:47  Marine  
  140  12:48  Marauder  
  144  13:02  Siege Tank  
  144  13:04  Marine  
  144  13:05  Marine  
  147  13:09  Terran Infantry Weapons Level 3, Marauder  
  150  13:15  Liberator x2  
  151  13:22  Marine  
  151  13:23  Marine  
  125  13:30  Marauder  
  105  13:34  Siege Tank  
  105  13:40  Marine  
  105  13:41  Marine  
  92  13:52  Marauder  
  94  13:58  Marine  
  94  13:59  Marine  
  96  14:06  Siege Tank  
  99  14:13  Marauder  
  99  14:16  Marine x2  
  103  14:33  Marine  
  103  14:34  Marauder, Marine  
  107  14:39  Siege Tank  
  107  14:45  Terran Vehicle Weapons Level 2, Terran Vehicle And Ship Armor Level 2  
  110  14:51  Marine  
  110  14:52  Marine  
  112  14:56  Marauder  
  114  15:04  Command Center x2  
  114  15:06  Command Center  
  114  15:09  Medivac x2, Marine  
  114  15:10  Marine  
  114  15:11  Siege Tank  
  123  15:17  Marine  
  124  15:27  Marine  
  124  15:28  Marine  
  126  15:35  Marauder  
  128  15:37  Planetary Fortress  
  128  15:39  Medivac  
  130  15:43  Siege Tank  
  130  15:45  Marine  
  113  16:15  Siege Tank  
  116  16:18  Orbital Command  
  116  16:19  Orbital Command x2  
  114  16:47  Siege Tank  
  114  16:50  Marine x2  
  114  16:51  Marine  
  113  17:08  Marine x3  
  109  17:10  Battlecruiser x2  
  122  17:26  Marine x3  
  125  17:35  Siege Tank  
  128  17:43  Marine x2  
  124  17:44  Marine  
  122  18:01  Marine x2  
  122  18:02  Marine  
  125  18:14  Medivac  
  125  18:19  Marine x2  
  129  18:20  Marauder  
  131  18:37  Marine x2  
Tags
 
Add a new tag
Caveats
  • Supply blocks, unpowered buildings, or Contaminate may cause inaccurate times.
  • Supply counts are checked every 10 seconds.